 Dungeon Crawl Stone Soup version 0.29.1-12-g30fa7ad0bf (webtiles) character file.

Game seed: 16363705850930448218

495442 LustLizard the Spry (level 23, -2/123 HPs)
             Began as a Spriggan Hunter on Dec 26, 2022.
             Was the Champion of Dithmenos.
             Killed from afar by a deep elf sorcerer (48 damage)
             ... with damnation
             ... on level 3 of the Elven Halls.
             The game lasted 02:58:24 (56558 turns).

LustLizard the Spry (Spriggan Hunter)              Turns: 56558, Time: 02:58:24

Health: -2/123     AC: 14    Str:  7    XL:     23   Next: 95%
Magic:  33/33      EV: 37    Int:  9    God:    Dithmenos [******]
Gold:   2793       SH:  5    Dex: 33    Spells: 5/35 levels left

rFire   . . .      SeeInvis +   J - +9 hand crossbow (flame)
rCold   + + .      Faith    .   (no shield)
rNeg    + . .      Spirit   .   Z - +7 swamp dragon scales
rPois   +          Reflect  +   (helmet restricted)
rElec   .          Harm     .   m - scarf {repulsion}
rCorr   .          Rampage  .   (gloves unavailable)
Will    +++++                   (boots unavailable) Stlth **++++++++
                                G - amulet "Teumikea" {Reflect Contam rN+ Regen+ SH+5}
HPRegen 1.10/turn               f - ring of Ihent {Fly rC+ Will+ Int-4}
MPRegen 0.23/turn               a - ring "Loargho" {Drain rC+ Int-3 Dex+9}

@: flying, wreathed by umbra, studying Staves, repel missiles, very quick
A: very small, no large weapons, unfitting armour, see invisible, speed 3
}: 2/15 runes: decaying, serpentine
a: Renounce Religion, Shadow Step, Shadow Form


You were on level 3 of the Elven Halls.
You worshipped Dithmenos.
Dithmenos was exalted by your worship.
You visited 9 branches of the dungeon, and saw 43 of its levels.
You visited 1 bazaar.
You also visited: Sewer, Gauntlet and Wizlab.

You collected 5334 gold pieces.
You spent 2541 gold pieces at shops.

Inventory:

Hand Weapons
 l - the +10 arbalest of the Usurping Rat {flame, rN+ Dex+2}
   (You acquired it on level 1 of the Lair of Beasts)

   Any ammunition fired from it burns those it strikes, dealing additional fire
   damage.
   Dex:       It affects your dexterity (+2).
   rN:        It protects you from negative energy.
 J - a +9 hand crossbow of flaming (weapon)
Missiles
 s - 4 throwing nets
Armour
 m - a scarf of repulsion (worn)
 u - a +3 buckler of reflection
 F - the +3 hat "Ged Weg" {rF- rN+ rCorr}
   (You found it on level 1 of the Lair of Beasts)

   rF:        It makes you vulnerable to fire.
   rN:        It protects you from negative energy.
   rCorr:     It protects you from acid and corrosion.
 Z - +7 swamp dragon scales (worn)
Jewellery
 a - the ring "Loargho" (right hand) {Drain rC+ Int-3 Dex+9}
   (You acquired it on level 2 of the Elven Halls)

   [ring of protection from cold]

   Int:       It affects your intelligence (-3).
   Dex:       It affects your dexterity (+9).
   rC:        It protects you from cold.
   Drain:     It drains your maximum health when unequipped.
 f - the ring of Ihent (left hand) {Fly rC+ Will+ Int-4}
   (You found it in a Gauntlet)

   [ring of willpower]

   Int:       It affects your intelligence (-4).
   rC:        It protects you from cold.
   Fly:       It grants you flight.
   Will:      It increases your willpower.
 i - the ring "Seenil" {rPois rC++ Int+2}
   (You found it on level 2 of the Depths)

   [ring of poison resistance]

   Int:       It affects your intelligence (+2).
   rC:        It greatly protects you from cold.
   rPois:     It protects you from poison.
 k - the ring of the Genius {rElec rF+}
   (You found it on level 4 of the Depths)

   [ring of protection from fire]

   rF:        It protects you from fire.
   rElec:     It insulates you from electricity.
 q - a ring of positive energy
 C - a ring of protection from fire
 D - a ring of resist corrosion
 G - the amulet "Teumikea" (around neck) {Reflect Contam rN+ Regen+ SH+5}
   (You acquired it on level 1 of the Lair of Beasts)

   [amulet of reflection]

   It reflects blocked missile attacks.
   rN:        It protects you from negative energy.
   Contam:    It causes magical contamination when unequipped.
   Regen:     It increases your rate of health regeneration.
   SH:        It affects your SH (+5).
 M - a +4 ring of protection
 Q - the amulet of Oliwav {Spirit rPois Slay+3}
   (You bought it in a shop in a bazaar)

   [amulet of guardian spirit]

   It causes incoming damage to be divided between your reserves of health and
   magic.
   Slay:      It affects your accuracy & damage with ranged weapons and melee
   (+3).
   rPois:     It protects you from poison.
 T - a +6 ring of strength
 W - a +4 ring of slaying
Wands
 d - a wand of acid (12)
 g - a wand of digging (27)
 v - a wand of mindburst (24)
 y - a wand of flame (54)
 L - a wand of charming (22)
 O - a wand of iceblast (34)
 X - a wand of polymorph (6)
Scrolls
 b - 7 scrolls of immolation
 c - 3 scrolls of poison
 e - 2 scrolls of blinking
 h - 4 scrolls of enchant armour
 j - 4 scrolls of magic mapping
 p - 16 scrolls of teleportation
 r - 2 scrolls of torment
 E - 2 scrolls of fear
 I - 7 scrolls of butterflies
 S - 2 scrolls of summoning
 Y - 2 scrolls of silence
Potions
 n - 8 potions of magic
 o - 5 potions of invisibility
 t - 22 potions of curing
 w - 7 potions of ambrosia
 x - 7 potions of haste
 z - 8 potions of mutation
 A - 12 potions of heal wounds
 B - 10 potions of flight
 H - 3 potions of resistance
 K - a potion of berserk rage
 N - 7 potions of might
 R - 2 potions of brilliance
Miscellaneous
 P - a box of beasts
 U - a condenser vane
 V - a phantom mirror


   Skills:
 - Level 13.8 Fighting
 - Level 18.3 Ranged Weapons
 - Level 20.8 Dodging
 - Level 15.0 Stealth
 * Level 8.3 Shields
 - Level 6.5 Spellcasting
 - Level 3.0 Hexes
 - Level 20.6 Summonings
 * Level 16.1 Translocations
 - Level 4.0 Air Magic
 - Level 10.9 Invocations
 - Level 13.2 Evocations


You had 5 spell levels left.
You knew the following spells:

 Your Spells              Type           Power      Damage    Failure   Level
a - Blink                 Tloc           64%        N/A       1%          2
b - Summon Hydra          Summ           20%        N/A       13%         7
c - Summon Guardian Gole  Hex/Summ       24%        N/A       1%          3
d - Malign Gateway        Summ/Tloc      18%        N/A       32%         7
e - Monstrous Menagerie   Summ           20%        N/A       13%         7
f - Summon Lightning Spi  Summ/Air       25%        N/A       4%          4

Your spell library contained the following spells:

 Spells                   Type           Power      Damage    Failure   Level
 Summon Small Mammal      Summ           100%       N/A       0%          1
 Apportation              Tloc           64%        N/A       1%          1
 Call Imp                 Summ           40%        N/A       1%          2
 Call Canine Familiar     Summ           40%        N/A       1%          3
 Gell's Gravitas          Tloc           32%        N/A       1%          3
 Lesser Beckoning         Tloc           32%        N/A       1%          3
 Teleport Other           Tloc           32%        N/A       1%          3
 Manifold Assault         Tloc           32%        N/A       2%          5
 Animate Armour           Summ/Erth      42%        N/A       11%         4
 Iskenderun's Mystic Bla  Conj/Tloc      17%        2d5       26%         4
 Shock                    Conj/Air       24%        1d4       32%         1
 Swiftness                Air            10%        N/A       41%         3
 Poisonous Vapours        Pois/Air       12%        N/A       45%         2
 Static Discharge         Conj/Air       6%         3-4/arc   45%         2
 Freeze                   Ice            8%         1d3       58%         1
 Magic Dart               Conj           8%         1d3       58%         1
 Necrotise                Necr           8%         1d4       58%         1
 Sandblast                Erth           4%         2d4       58%         1
 Passwall                 Tmut/Erth      1%         N/A       75%         2
 Sublimation of Blood     Necr           2%         N/A       75%         2
 Wereblood                Tmut           2%         N/A       75%         2
 Mephitic Cloud           Conj/Pois/Air  5%         N/A       78%         3
 Airstrike                Air            5%         2d(1-17)  82%         4
 Conjure Flame            Conj/Fire      2%         6-21      92%         3
 Frozen Ramparts          Ice            4%         1d1       92%         3
 Ignite Poison            Fire/Tmut/Pois 2%         N/A       92%         3
 Stone Arrow              Conj/Erth      4%         3d7       92%         3
 Vampiric Draining        Necr           2%         2d6       92%         3
 Corpse Rot               Necr/Pois/Air  5%         N/A       99%         4
 Fulminant Prism          Conj/Hex       2%         3d6       99%         4
 Dispel Undead            Necr           2%         3d7       100%        4
 Hailstorm                Conj/Ice       2%         3d3       100%        4
 Ice Form                 Ice/Tmut       2%         N/A       100%        4
 Petrify                  Tmut/Erth      2%         N/A       100%        4
 Sticky Flame             Conj/Fire      2%         2d3       100%        4
 Agony                    Necr           2%         N/A       100%        5
 Alistair's Intoxication  Tmut/Pois      1%         N/A       100%        5
 Fireball                 Conj/Fire      1%         3d3       100%        5
 Freezing Cloud           Conj/Ice/Air   2%         6-21      100%        5
 Irradiate                Conj/Tmut      1%         3d12      100%        5
 Iskenderun's Battlesphe  Conj           2%         2d6       100%        5
 Lee's Rapid Deconstruct  Erth           1%         3d5*      100%        5
 Metabolic Englaciation   Hex/Ice        2%         N/A       100%        5
 Death Channel            Necr           1%         N/A       100%        6
 Iron Shot                Conj/Erth      1%         9d1       100%        6
 Simulacrum               Ice/Necr       1%         N/A       100%        6
 Starburst                Conj/Fire      1%         6d3       100%        6
 Statue Form              Tmut/Erth      1%         N/A       100%        6
 Orb of Destruction       Conj           1%         9d5       100%        7
 Spellforged Servitor     Conj/Summ      10%        N/A       100%        7
 Storm Form               Tmut/Air       3%         N/A       100%        7
 Ignition                 Fire           1%         3d3       100%        8


Dungeon Overview and Level Annotations

Branches:
Dungeon (15/15)            Temple (1/1) D:4            Lair (5/5) D:9
  Swamp (4/4) Lair:2        Snake (4/4) Lair:2        Slime (0/5) Lair:5
    Orc (2/2) D:9             Elf (3/3) Orc:2        Vaults (5/5) D:13
  Crypt (0/3) Vaults:2     Depths (4/4) D:15          Sewer (visited)
 WizLab (visited)         Gauntlet (visited)
    Zot: Depths:4

Altars:
Ashenzari
Cheibriados
Dithmenos
Elyvilon
Fedhas
Gozag
Hepliaklqana
Kikubaaqudgha
Makhleb
Nemelex Xobeh
Okawaru
Qazlal
Ru
Sif Muna
Trog
Uskayaw
Vehumet
Wu Jian
Xom
Yredelemnul
Zin
The Shining One
Jiyva

Shops:
D:5 [   D:13 ?   Orc:2 :*[[(   Elf:2 =   Elf:3 *   Snake:4 =((:   Vaults:2 *

Portals:
Hell: Depths:1 Depths:2 Depths:3
Abyss: Depths:2 Depths:3
Pandemonium: Depths:2 Depths:3
Trove: D:15 (give +4 demon blade)

Annotations:
Snake:4 6 transporters
Vaults:4 exclusion: door, Mennas
Depths:2 Vv
Depths:3 1 runed translucent door, exclusions: door and quicksilver dragon
Depths:4 exclusion: juggernaut


Innate Abilities, Weirdness & Mutations

You are very small and have problems with some larger weapons.
You are too small for most types of armour.
You have supernaturally acute eyesight. (SInv)
You cover ground extremely quickly. (Speed+++)


Message History

Your shadow shoots a bolt.
The bolt hits the Ice Fiend!
The Ice Fiend gestures at you. The bolt of cold misses you.
Fire: J) +9 hand crossbow (flame)
Press: ? - help, Q - select action, (/) - cycle Shift-Dir - straight line, f/p - Ice Fiend
Aim: an Ice Fiend (moderately wounded, summoned, umbra, 87% to hit)
You shoot a bolt. The bolt hits the Ice Fiend!
The bolt burns the Ice Fiend.
The Ice Fiend is heavily wounded.
Your shadow shoots a bolt.
The bolt hits the Ice Fiend.
The deep elf sorcerer completely misses you.
The Ice Fiend gestures at you. The bolt of cold misses you.
The deep elf demonologist gestures wildly while chanting.
The deep elf sorcerer points at you and mumbles some strange words.
The bolt of acid hits you!!!
You emit a cloud of dark smoke.
Fire: J) +9 hand crossbow (flame)
Press: ? - help, Q - select action, (/) - cycle Shift-Dir - straight line, f/p - Ice Fiend
Aim: an Ice Fiend (black smoke, heavily wounded, summoned, umbra, 87% to hit)
Okay, then.
The Ice Fiend gestures at you. The bolt of cold hits you! You resist.
You emit a cloud of dark smoke.
Things that are here:
a +2 vorpal dire flail; a ring of willpower
Things that are here:
a +0 short sword; a +0 leather armour The deep elf sorcerer points at you and mumbles some strange words.
The bolt of acid misses you.
You see here a +4 halberd of flaming.
The deep elf sorcerer gestures at you while chanting.
The sphere of damnation explodes!
The damnation engulfs you!!
You hear a shout!
Things that are here:
a staff of air; a +0 ring mail
Things that are here:
a +0 rapier; a +0 short sword of electrocution; an elf corpse
Things that are here:
a +0 long sword; a +0 scale mail The deep elf sorcerer gestures at you while chanting.
The sphere of damnation explodes!
The damnation engulfs you!!!
You die...

!..# #..)..#e§§§§.##.##.....§#,
...# ##=[=.#§§§§...###......§#,
...# ##)).##§.§3........)..##,
)..# ###.|##..e.......)..##,,
...# ##:"#.............#,,* ...#
######.).......###*** ...#
##..|....##
...###################e##########
................@).))).).........
.....................)..).)).....
............................))...
...############...###############
...#..........'...#..............
...#..........#...#..)...........
...#..........#.[.#..............
...#...#'##...#...#...########...
...#...#..#...#...#...#.....,#.).


You could see a deep elf sorcerer (fast, empowered).

Vanquished Creatures
  An ancient lich (Depths:4)
  Mara (Snake:4)
  Saint Roka (Depths:3)
  Vashnia (Snake:2)
  2 liches
  A walking crystal tome (Depths:2)
  A tentacled monstrosity (Depths:2)
  A walking earthen tome (Depths:4)
  5 deep elf blademasters
  2 titans
  The ghost of Gibbon the Spry, an adept KoEn of Ashenzari (Snake:4)
  2 deep elf master archers (Elf:3)
  Frances (D:14)
  A quicksilver dragon (Depths:3)
  Kirke (D:14)
  7 tengu reavers
  Agnes (D:14)
  4 shadow dragons
  Donald (Swamp:1)
  7 nagarajas
  A fenstrider witch (Swamp:3)
  A storm dragon (Depths:4)
  11 deep elf sorcerers
  6 fire giants
  9 frost giants
  16 vault wardens
  An iron dragon (Depths:4)
  Louise (Snake:2)
  5 orc warlords
  A deep elf elementalist (Elf:3)
  9 stone giants
  Aizul (Snake:2)
  4 war gargoyles (Vaults:4)
  21 ironbound preservers
  8 ironbound thunderhulks
  The ghost of SirLogeyBear the Severer, a journeyman HOBe of Trog (D:15)
  7 deep elf demonologists (Elf:3)
  18 very ugly things
  A ghoul (Vaults:2)
  12 deep elf annihilators (Elf:3)
  8 dire elephants
  4 vampire knights
  3 entropy weavers
  6 eleionomae
  A minotaur (Gauntlet)
  5 spark wasps
  10 bunyips
  Azrael (D:13)
  Nessos (Lair:4)
  An orange crystal statue (WizLab)
  Snorg (Lair:3)
  6 ettins
  A merfolk impaler (Depths:1)
  4 crystal guardians
  2 deep elf death magi
  2 green deaths (Swamp:4)
  4 fire dragons
  Josephine (Swamp:1)
  12 yaktaur captains
  8 great orbs of eyes
  5 deep elf high priests
  A shambling mangrove (Swamp:1)
  13 vault guards
  4 boulder beetles
  6 peacekeepers
  9 ice dragons
  3 rakshasas
  3 spriggan air magi
  Erica (Lair:2)
  2 hell beasts
  A salamander tyrant (Snake:4)
  8 anacondas
  3 ghost crabs
  14 hydras
  7 two-headed ogres
  A spriggan skeleton (Depths:2)
  7 ironbound frosthearts
  21 naga warriors
  An ogre mage (D:15)
  3 catoblepae
  18 dancing weapons
  11 alligators
  A satyr (shapeshifter) (Vaults:1)
  2 deep troll shamans
  5 centaur warriors
  22 naga sharpshooters
  7 tengu warriors
  3 death yaks (Lair:2)
  2 thrashing horrors (Swamp:4)
  3 deep troll earth magi
  9 shock serpents
  A fire crab (Lair:5)
  10 hell knights (Depths:2)
  4 orc high priests (Orc:2)
  2 soul eaters
  10 spriggans
  3 spriggan berserkers
  A sun demon (Depths:3)
  15 deep elf knights
  An iron troll (Depths:2)
  4 sixfirhies (Gauntlet)
  A death drake (Swamp:4)
  85 deep trolls
  3 goliath frogs
  3 salamander mystics
  5 bog bodies
  2 flayed ghosts
  13 swamp dragons
  5 spriggan druids
  2 nameless horrors
  3 glowing orange brains
  9 naga ritualists
  9 wizards
  10 deep elf archers
  27 deep elf pyromancers
  7 ironbound convokers
  9 lindwurms
  A golden dragon skeleton (Depths:2)
  4 necromancers
  A fire giant zombie (Depths:2)
  36 ugly things
  Pikel (D:9)
  3 wolf spiders
  9 mana vipers
  21 deep elf zephyrmancers
  8 salamanders
  13 orc knights
  A phantasmal warrior (Vaults:3)
  5 orc sorcerers
  5 will-o-the-wisps
  9 cyclopes
  5 manticores
  2 large abominations (Swamp:4)
  Maurice (Orc:2)
  6 elephants (Lair:3)
  A fire giant skeleton (Depths:2)
  4 guardian serpents
  A stone giant skeleton (Depths:2)
  A smoke demon (Depths:3)
  16 vault sentinels
  2 gargoyles
  10 naga magi
  2 rust devils (Depths:3)
  3 orange demons
  15 cane toads
  37 black mambas
  Maggie (D:10)
  2 unseen horrors
  2 rime drakes
  A freezing wraith (Vaults:4)
  A kobold demonologist (D:14)
  A hellion (Depths:2)
  2 efreet
  A tengu conjurer (D:15)
  27 yaktaurs
  3 komodo dragons
  An ice devil (Depths:3)
  11 polar bears
  A red devil (Depths:2)
  A queen bee (Gauntlet)
  A troll (shapeshifter) (D:14)
  6 tyrant leeches
  3 trolls
  4 bloated husks (Swamp:3)
  2 raiju (Lair:5)
  17 blink frogs
  42 slime creatures
  18 hornets
  2 human simulacra (Vaults:2)
  A blink frog (shapeshifter) (D:15)
  3 air elementals
  A centaur simulacrum (D:13)
  A culicivora (shapeshifter) (Elf:2)
  A culicivora (Vaults:2)
  2 vampires
  5 shadows
  12 wyverns
  A yak (shapeshifter) (D:14)
  4 water elementals
  5 wraiths
  A ynoxinul (Depths:3)
  4 hogs (D:14)
  Grum (D:9)
  51 yaks
  2 basilisks
  4 redbacks
  11 fire elementals
  15 vampire mosquitoes
  A chaos spawn (Depths:3)
  4 wargs (Lair:5)
  46 nagas
  19 hell hounds
  11 swamp worms
  24 water moccasins
  2 acid dragons
  A floating eye (shapeshifter) (Depths:3)
  3 sky beasts
  2 swamp drakes
  33 orc warriors
  3 ice beasts
  17 black bears
  12 ogres
  21 wolves
  2 centaurs
  5 boggarts (Vaults:2)
  2 phantoms (D:6)
  A kobold brigand (D:9)
  4 lemures (D:9)
  9 bullfrogs
  An earth elemental (Elf:2)
  2 necrophages (D:6)
  A human skeleton (Vaults:2)
  A glowing shapeshifter simulacrum (Vaults:2)
  3 wights
  8 killer bees
  7 howler monkeys
  An electric eel (D:9)
  4 jellies (Sewer)
  A gnoll bouda (D:11)
  25 orc priests
  3 hounds
  Terence (D:3)
  30 orc wizards
  7 gnolls
  10 adders
  3 river rats
  A shadow imp (D:5)
  2 white imps
  4 ufetubi
  2 dart slugs (D:5)
  89 orcs
  14 ball pythons
  14 endoplasms
  9 giant cockroaches
  6 goblins
  8 hobgoblins
  8 jackals
  9 quokkas
  2 bats
  7 frilled lizards
  9 kobolds
  5 rats
1714 creatures vanquished.

Vanquished Creatures (collateral kills)
  A fire giant (Depths:3)
  A vault warden (Vaults:4)
  An iron dragon (Depths:2)
  A stone giant (Depths:2)
  An ice dragon (Depths:2)
  3 spriggan air magi
  2 vault guards (Vaults:4)
  4 hell knights (Depths:2)
  2 flayed ghosts (Depths:3)
  A deep troll (Depths:2)
  A vault sentinel (Vaults:4)
  2 orc wizards (Depths:3)
  2 orcs (Depths:3)
22 creatures vanquished.

Vanquished Creatures (others)
  An ettin (Depths:1)
  An ironbound frostheart (Vaults:3)
  A wizard (Vaults:1)
  2 deep elf zephyrmancers
  An ice devil (Depths:2)
  2 bloated husks
  A tyrant leech (Swamp:2)
  A shadow (D:12)
  A human (D:14)
  A swamp drake (Swamp:3)
  A kobold (D:9)
  A briar patch (Lair:1)
  8 foxfires
  31 fungi
  104 plants
157 creatures vanquished.

Grand Total: 1893 creatures vanquished

Notes
Turn   | Place    | Note
-------+----------+-------------------------------------------
     0 | D:1      | LustLizard the Spriggan Hunter began the quest for the Orb.
     0 | D:1      | Reached XP level 1. HP: 10/10 MP: 2/2
    86 | D:1      | Found a faded altar of an unknown god.
   104 | D:1      | Reached XP level 2. HP: 11/14 MP: 3/3
   505 | D:1      | Reached XP level 3. HP: 2/18 MP: 4/4
   896 | D:2      | Reached skill level 5 in Ranged Weapons
  1072 | D:2      | Reached XP level 4. HP: 18/22 MP: 5/5
  1535 | D:3      | Identified the +0 ring mail of Wu Jian's Generosity {rC++
                  | rCorr Str-2 SInv}
  1573 | D:3      | Noticed Terence
  1622 | D:3      | Killed Terence
  1732 | D:3      | Found a shimmering blue altar of Sif Muna.
  1772 | D:3      | Reached XP level 5. HP: 25/25 MP: 6/6
  2375 | D:4      | Found a staircase to the Ecumenical Temple.
  2401 | Temple   | Entered the Ecumenical Temple
  2474 | Temple   | Became a worshipper of Dithmenos the Shadowed
  2972 | D:4      | Found a glowing drain.
  3013 | Sewer    | Entered a sewer
  3244 | Sewer    | Reached skill level 5 in Stealth
  3322 | Sewer    | Reached * piety under Dithmenos
  3357 | Sewer    | Reached XP level 6. HP: 30/30 MP: 7/7
  3401 | Sewer    | Found a shimmering altar of Xom.
  3999 | D:4      | Reached XP level 7. HP: 33/33 MP: 8/8
  4414 | D:4      | Reached ** piety under Dithmenos
  4546 | D:4      | Learned a level 2 spell: Blink
  4584 | D:5      | Entered Level 5 of the Dungeon
  4824 | D:5      | Reached skill level 1 in Translocations
  5526 | D:5      | Found Holaesej's Armour Boutique.
  5809 | D:6      | Reached XP level 8. HP: 16/39 MP: 9/9
  6248 | D:6      | Reached skill level 5 in Dodging
  6495 | D:6      | Found a stormy altar of Qazlal.
  6638 | D:6      | Reached skill level 1 in Evocations
  7019 | D:7      | Found a glowing golden altar of the Shining One.
  8348 | D:7      | Reached XP level 9. HP: 29/44 MP: 6/10
  8894 | D:7      | Reached skill level 10 in Ranged Weapons
  9552 | D:8      | Reached *** piety under Dithmenos
  9830 | D:8      | Found an iron altar of Okawaru.
  9918 | D:8      | Found a basalt altar of Yredelemnul.
 10220 | D:8      | Reached XP level 10. HP: 51/51 MP: 11/11
 10378 | D:8      | Reached skill level 5 in Fighting
 10839 | D:9      | Noticed Pikel
 10870 | D:9      | Killed Pikel
 10916 | D:9      | Found a staircase to the Lair.
 11329 | D:9      | Reached **** piety under Dithmenos
 12281 | D:9      | Noticed Grum
 12373 | D:9      | Killed Grum
 12966 | D:9      | Reached XP level 11. HP: 42/56 MP: 9/12
 13164 | D:9      | Found a staircase to the Orcish Mines.
 13217 | D:10     | Entered Level 10 of the Dungeon
 13411 | D:10     | Reached skill level 10 in Dodging
 13438 | D:10     | Reached skill level 1 in Invocations
 13640 | D:10     | Noticed Maggie
 13829 | D:11     | Noticed a two-headed ogre
 13853 | D:11     | Killed a two-headed ogre
 14005 | D:11     | Noticed a two-headed ogre
 14023 | D:11     | Noticed a two-headed ogre
 14066 | D:11     | Killed a two-headed ogre
 14085 | D:11     | Killed a two-headed ogre
 15159 | D:12     | Reached ***** piety under Dithmenos
 15393 | D:12     | Noticed a two-headed ogre
 15408 | D:12     | Killed a two-headed ogre
 15482 | D:12     | Found a flickering gateway to a bazaar.
 15488 | Bazaar   | Entered a bazaar
 15556 | Bazaar   | Found Datsamec's General Store.
 15570 | Bazaar   | Found Maduquh's Jewellery Boutique.
 15580 | Bazaar   | Found Zacvea's General Store.
 15589 | Bazaar   | Found Fewecwy's Weapon Shop.
 15619 | Bazaar   | Bought the amulet of Oliwav {Spirit rPois Slay+3} for 645
                  | gold pieces
 15640 | Bazaar   | Bought a scroll of enchant armour for 90 gold pieces
 15659 | D:12     | Identified the +3 dagger of World's End {vorpal, rPois
                  | Str+4}
 15672 | D:12     | Noticed a two-headed ogre
 15704 | D:12     | Killed a two-headed ogre
 15736 | D:12     | Noticed a boulder beetle
 15747 | D:12     | Killed a boulder beetle
 15748 | D:12     | Reached XP level 12. HP: 55/63 MP: 16/16
 16091 | D:12     | Noticed a boulder beetle
 16102 | D:12     | Killed a boulder beetle
 16684 | D:13     | Noticed a centaur warrior
 16757 | Lair:1   | Entered Level 1 of the Lair of Beasts
 16810 | Lair:1   | Found a transporter.
 16893 | Lair:1   | Noticed a seven-headed hydra
 16913 | Lair:1   | Killed a seven-headed hydra
 16992 | Lair:1   | Identified 4 scrolls of acquirement
 16992 | Lair:1   | Acquired the +10 arbalest of the Usurping Rat {flame, rN+
                  | Dex+2}
 16999 | Lair:1   | Reached skill level 5 in Invocations
 17092 | Lair:1   | Acquired a manual of Fighting
 17128 | Lair:1   | Noticed a six-headed hydra
 17133 | Lair:1   | Killed a six-headed hydra
 17134 | Lair:1   | Noticed a four-headed hydra
 17138 | Lair:1   | Killed a four-headed hydra
 17139 | Lair:1   | Reached skill level 1 in Shields
 17196 | Lair:1   | Found a transporter.
 17231 | Lair:1   | You fall into a shaft and drop 1 floor!
 17231 | Lair:2   | Noticed a four-headed hydra
 17233 | Lair:2   | Killed a four-headed hydra
 17234 | Lair:2   | Reached skill level 15 in Ranged Weapons
 17251 | Lair:2   | Noticed a six-headed hydra
 17252 | Lair:2   | Noticed a catoblepas
 17255 | Lair:2   | Killed a six-headed hydra
 17907 | Lair:2   | Found a staircase to the Snake Pit.
 17982 | Lair:2   | Found a staircase to the Swamp.
 18087 | Lair:2   | Killed a catoblepas
 18180 | Lair:2   | Found a hazy altar of Hepliaklqana.
 18204 | Lair:2   | Noticed Erica
 18207 | Lair:2   | Killed Erica
 18208 | Lair:2   | Reached XP level 13. HP: 70/70 MP: 18/18
 18763 | Lair:2   | Reached skill level 1 in Spellcasting
 19297 | Lair:3   | Noticed Snorg
 19310 | Lair:3   | Killed Snorg
 20094 | Lair:4   | Noticed Nessos
 20100 | Lair:4   | Killed Nessos
 20101 | Lair:4   | Reached skill level 5 in Translocations
 20696 | Lair:4   | Reached skill level 10 in Fighting
 20903 | Lair:5   | Entered Level 5 of the Lair of Beasts
 20992 | Lair:5   | Reached ****** piety under Dithmenos
 21338 | Lair:5   | Reached XP level 14. HP: 72/77 MP: 22/22
 21340 | Lair:5   | Reached skill level 5 in Spellcasting
 21485 | Lair:5   | Found a viscous altar of Jiyva.
 21485 | Lair:5   | Found a staircase to the Slime Pits.
 21637 | Lair:5   | Identified the +8 whip "Ultimatum" {pain, rN+}
 22369 | Lair:5   | Reached skill level 5 in Shields
 23198 | Orc:1    | Entered Level 1 of the Orcish Mines
 23546 | Orc:2    | Entered Level 2 of the Orcish Mines
 23546 | Orc:2    | Found Noigef's Armour Boutique.
 23580 | Orc:2    | Noticed Maurice
 23582 | Orc:2    | Killed Maurice
 23624 | Orc:2    | Found a staircase to the Elven Halls.
 23904 | Orc:2    | Found a gate leading to a gauntlet.
 23914 | Gauntlet | Entered a Gauntlet
 23914 | Gauntlet | Found a transporter.
 23914 | Gauntlet | Found a transporter.
 23918 | Gauntlet | Found a transporter.
 23918 | Gauntlet | Found a transporter.
 23920 | Gauntlet | Found a large runed translucent door.
 23921 | Gauntlet | Found a large runed translucent door.
 23922 | Gauntlet | Found a large runed translucent door.
 23922 | Gauntlet | Found a large runed translucent door.
 23922 | Gauntlet | Found a runed translucent door.
 23922 | Gauntlet | Found a runed translucent door.
 23923 | Gauntlet | Found a large runed translucent door.
 23923 | Gauntlet | Found a large runed translucent door.
 23923 | Gauntlet | Found a large runed translucent door.
 23923 | Gauntlet | Found a large runed translucent door.
 23924 | Gauntlet | Found a large runed translucent door.
 23925 | Gauntlet | Found a transporter.
 23925 | Gauntlet | Found a large runed translucent door.
 23938 | Gauntlet | Found a large runed translucent door.
 23938 | Gauntlet | Found a large runed translucent door.
 23939 | Gauntlet | Found a large runed translucent door.
 23939 | Gauntlet | Found a large runed translucent door.
 23939 | Gauntlet | Found a large runed translucent door.
 23939 | Gauntlet | Found a large runed translucent door.
 23950 | Gauntlet | Learned a level 7 spell: Summon Hydra
 23951 | Gauntlet | Found a runed translucent gate.
 23951 | Gauntlet | Found a runed translucent gate.
 23951 | Gauntlet | Found a runed translucent gate.
 23989 | Gauntlet | Found a transporter.
 24002 | Gauntlet | Found a transporter.
 24002 | Gauntlet | Found a transporter.
 24012 | Gauntlet | Found a transporter.
 24013 | Gauntlet | Found a transporter.
 24015 | Gauntlet | Found a transporter.
 24112 | Gauntlet | Found a transporter.
 24132 | Gauntlet | Found a transporter.
 24231 | Gauntlet | Found a transporter.
 24360 | Gauntlet | Reached skill level 1 in Summonings
 24367 | Gauntlet | Identified the ring of Ihent {Fly rC+ Will+ Int-4}
 24380 | Gauntlet | Found a transporter.
 24382 | Gauntlet | Found a transporter.
 24532 | Gauntlet | Acquired the amulet "Teumikea" {Reflect Contam rN+ Regen+
                  | SH+5}
 24544 | Gauntlet | Acquired a +4 hand crossbow of flaming
 24553 | Gauntlet | Identified the +0 great mace "Vot Gos" {flame, Stlth+}
 24576 | Gauntlet | Identified the +2 ring mail of Noon {-Tele rC++ Str+9
                  | Int-3}
 24976 | Orc:2    | Noticed an orc warlord
 25012 | Orc:2    | Killed an orc warlord
 25043 | Orc:2    | Reached XP level 15. HP: 57/84 MP: 25/25
 25104 | Orc:2    | Found Xyruriem's Antique Armour Emporium.
 25105 | Orc:2    | Found Avvoq's Antique Weapon Shoppe.
 25107 | Orc:2    | Found Kuheicus's General Store.
 25107 | Orc:2    | Found Ugru's Book Emporium.
 25475 | D:13     | Found Tejiwuj's Magic Scroll Shoppe.
 25482 | D:13     | You fall into a shaft and drop 1 floor!
 25552 | D:13     | Noticed Azrael
 25560 | D:13     | Killed Azrael
 26105 | D:13     | Found a gate to the Vaults.
 26259 | D:14     | Noticed Frances
 26396 | D:14     | Reached skill level 5 in Summonings
 26529 | D:14     | Noticed Agnes
 26534 | D:14     | Killed Agnes
 26646 | D:14     | Noticed Kirke
 26657 | D:14     | Killed Kirke
 26895 | D:14     | Killed Frances
 27024 | D:15     | Entered Level 15 of the Dungeon
 27031 | D:15     | Found a portal to a secret trove of treasure.
 27291 | D:15     | Found a runed translucent door.
 27292 | D:15     | Noticed SirLogeyBear's ghost (journeyman HOBe)
 27516 | D:15     | Found a staircase to the Depths.
 27938 | D:15     | Killed SirLogeyBear's ghost
 28139 | D:10     | Killed Maggie
 28217 | Swamp:1  | Entered Level 1 of the Swamp
 28229 | Swamp:1  | Noticed Donald
 28236 | Swamp:1  | Killed Donald
 28260 | Swamp:1  | Reached XP level 16. HP: 91/91 MP: 26/26
 28474 | Swamp:1  | Noticed Josephine
 28476 | Swamp:1  | Killed Josephine
 29558 | Swamp:3  | Reached skill level 15 in Dodging
 29654 | Swamp:3  | Reached skill level 10 in Summonings
 30226 | Swamp:4  | Entered Level 4 of the Swamp
 30465 | Swamp:4  | Identified the +11 dagger of Misery {venom, Str+2 Dex+4
                  | Stlth-}
 30754 | Orc:2    | Bought warped gold dragon scales for 1785 gold pieces
 30754 | Orc:2    | Identified the +1 gold dragon scales "Qusmutank" {*Slow
                  | rPois rF+ rC+ Will+ Str+3 Stlth+} (You bought it in a shop
                  | on level 2 of the Orcish Mines)
 31220 | Swamp:4  | Reached XP level 17. HP: 95/95 MP: 27/27
 31526 | Swamp:4  | Got a decaying rune of Zot
 31856 | Snake:1  | Entered Level 1 of the Snake Pit
 32353 | Snake:2  | Noticed Vashnia
 32380 | Snake:2  | Killed Vashnia
 32701 | Snake:2  | Noticed Aizul
 32705 | Snake:2  | Killed Aizul
 32743 | Snake:2  | Noticed Louise
 32748 | Snake:2  | Killed Louise
 33975 | Snake:3  | Reached XP level 18. HP: 100/100 MP: 28/28
 34588 | Snake:4  | Entered Level 4 of the Snake Pit
 34596 | Snake:4  | Found Gaiwecw's Weapon Emporium.
 34598 | Snake:4  | Found Sookhle's Weapon Shoppe.
 34600 | Snake:4  | Found Plog's Book Emporium.
 34743 | Snake:4  | Found a transporter.
 34746 | Snake:4  | Found a transporter.
 34781 | Snake:4  | Found Feysk's Jewellery Emporium.
 34929 | Snake:4  | Found a runed translucent gate.
 35002 | Snake:4  | Found a transporter.
 35004 | Snake:4  | Found a transporter.
 35019 | Snake:4  | Found a transporter.
 35020 | Snake:4  | Found a transporter.
 35104 | Snake:4  | Found a bloodstained altar of Trog.
 35109 | Snake:4  | Noticed Mara
 35115 | Snake:4  | Noticed LustLizard's illusion
 35238 | Snake:4  | Found a runed translucent gate.
 35238 | Snake:4  | Noticed Gibbon's ghost (adept KoEn)
 35239 | Snake:4  | Found a runed translucent gate.
 35506 | Snake:4  | Reached skill level 10 in Stealth
 35540 | Snake:4  | Killed Mara
 35760 | Snake:4  | Got a serpentine rune of Zot
 35917 | Snake:4  | Reached skill level 15 in Summonings
 35974 | Snake:4  | Killed Gibbon's ghost
 36002 | Snake:4  | Identified the +3 helmet "Pauthuxu" {Rampage rPois Will-
                  | Regen+}
 36179 | Lair:1   | Identified the +3 hat "Ged Weg" {rF- rN+ rCorr}
 36348 | Vaults:1 | Entered Level 1 of the Vaults
 36885 | Vaults:1 | Reached XP level 19. HP: 93/105 MP: 29/29
 38103 | Vaults:1 | Identified the +1 leather armour of the Bulwark {rC+}
 38556 | Vaults:2 | Found Cuskyfil's Assorted Antiques.
 38587 | Vaults:2 | Bought a fizzy dark potion for 21 gold pieces
 38686 | Vaults:2 | Identified the +1 leather armour of Salvation {rPois Dex+4}
 38820 | Vaults:2 | Reached skill level 5 in Evocations
 39975 | Vaults:2 | Found a staircase to the Crypt.
 40330 | Vaults:2 | Reached XP level 20. HP: 109/109 MP: 30/30
 40715 | Vaults:3 | Found a magical portal.
 40785 | WizLab   | Entered Wucad Mu's Monastery
 40962 | WizLab   | Found the +9 staff of Wucad Mu {*channel}
 41004 | WizLab   | Reached XP level 21. HP: 114/114 MP: 31/31
 41032 | WizLab   | Learned a level 3 spell: Summon Guardian Golem
 41798 | Vaults:3 | Reached skill level 10 in Evocations
 43608 | Vaults:4 | Noticed Mennas
 44064 | Vaults:4 | Identified the +4 dagger of Dehiupn Mych {vamp, Dex+4}
 44080 | Vaults:4 | Reached XP level 22. HP: 118/119 MP: 32/32
 44449 | Vaults:5 | Entered Level 5 of the Vaults
 44761 | Elf:1    | Entered Level 1 of the Elven Halls
 44896 | Elf:1    | Got the Compilation of Blasting
 45807 | Elf:2    | Acquired the ring "Loargho" {Drain rC+ Int-3 Dex+9}
 45829 | Elf:2    | Reached skill level 10 in Invocations
 45872 | Elf:2    | Found a huge runed translucent gate.
 45874 | Elf:2    | Found a huge runed translucent gate.
 45879 | Elf:2    | Found a huge runed translucent gate.
 45880 | Elf:2    | Found a huge runed translucent gate.
 45880 | Elf:2    | Found a huge runed translucent gate.
 45918 | Elf:2    | Found Opaust's Jewellery Shop.
 47277 | Depths:1 | Entered Level 1 of the Depths
 47462 | Depths:1 | Reached skill level 15 in Stealth
 47699 | Depths:1 | Acquired Kafuh's Encyclopedia of the Chthonic Swarm
 47709 | Depths:1 | Learned a level 7 spell: Malign Gateway
 47722 | Depths:1 | Learned a level 7 spell: Monstrous Menagerie
 47727 | Depths:1 | Learned a level 4 spell: Summon Lightning Spire
 47920 | Depths:1 | Reached skill level 1 in Hexes
 48059 | Depths:1 | You are sucked into a shaft and drop 1 floor!
 48059 | Depths:2 | Noticed Vv
 48061 | Depths:2 | Found a one-way gate leading to the halls of Pandemonium.
 48080 | Depths:2 | Found a gateway to Hell.
 48182 | Depths:2 | Reached skill level 1 in Air Magic
 49841 | Depths:2 | Found the +5 robe of Night {Dark Will+ SInv}
 49955 | Depths:1 | Found a white marble altar of Elyvilon.
 50159 | Depths:1 | Reached XP level 23. HP: 123/123 MP: 33/33
 50724 | Depths:2 | Found a one-way gate to the infinite horrors of the Abyss.
 50844 | Depths:2 | Reached skill level 10 in Translocations
 51400 | Depths:2 | Identified the ring "Seenil" {rPois rC++ Int+2}
 52987 | Depths:3 | Found a runed translucent door.
 53016 | Depths:3 | Noticed Saint Roka
 53038 | Depths:3 | Noticed a caustic shrike
 53586 | Depths:3 | Killed Saint Roka
 54047 | Depths:4 | Entered Level 4 of the Depths
 54050 | Depths:4 | Noticed a juggernaut
 54403 | Depths:4 | Noticed an ancient lich
 54409 | Depths:4 | Identified the ring of the Genius {rElec rF+}
 54435 | Depths:4 | Killed an ancient lich
 55062 | Elf:3    | Entered Level 3 of the Elven Halls
 55194 | Elf:3    | Found Loevoih's Assorted Antiques.
 55903 | Elf:3    | Reached skill level 15 in Translocations
 56069 | Elf:3    | Identified the +2 ring mail of the Four Jumping Stars {Harm
                  | rPois rC- Stlth+}
 56558 | Elf:3    | Killed from afar by a deep elf sorcerer

Illustrated notes

Levels and vault maps discovered:
D:1:      minmay_arrival_radiant_lines, layout_rooms,
          hellmonk_ecumenical_altar_lost_god
D:2:      layout_rooms
D:3:      layout_basic, mainiacjoe_overflow_alcove_4, st_stairs_13, uniq_terence
D:4:      layout_loops_corners, minmay_temple_entry_trees, portal_sewer_entry_a
D:5:      nicolae_cairo_tiling_very_big, layout_basic, serial_shops,
          nicolae_square_shop, minmay_door_square, st_stairs_9
D:6:      layout_rooms, lemuel_crystal_altar, minivault_10
D:7:      layout_cave_pods, nicolae_tso_swordbearing_angel
D:8:      nicolae_cairo_tiling, layout_basic, overflow_temple_1_default,
          mainiacjoe_overflow_chevrons
D:9:      layout_loops_ring, david_lair_generic, david_orc_4, minivault_14,
          uniq_pikel, uniq_grum
D:10:     layout_cave_pools, uniq_maggie
D:11:     layout_basic, dreamdust_gnoll_shepherd
D:12:     layout_gridville, serial_shops, bzr_entry_road
D:13:     layout_gridville, david_vaults_5, serial_shops, nicolae_shop_stone,
          uniq_azrael
D:14:     layout_roguey, minmay_misc_feat_plants, serial_bayou_pond_c,
          st_stairs_2, lemuel_flamethrower_2, uniq_frances, uniq_kirke,
          uniq_agnes
D:15:     gammafunk_enter_depths_forms, layout_loops_cross, enter_trove_0,
          hellmonk_ghost_happy_afterlife, roderic_nine_men_s_morris
Temple:   minmay_temple_bridge_d
Lair:1:   gammafunk_worm_tunnel, layout_regular_city
Lair:2:   layout_gridlike, swamp_mist, guppyfry_snake_entry_garden, basic_altar,
          uniq_erica
Lair:3:   layout_layer_cave, dreamdust_wasp_nest, uniq_snorg
Lair:4:   layout_roguey, hibernation_bobbens, grunt_megastairs_2, uniq_nessos
Lair:5:   hangedman_lair_caniforms_friends, layout_regular_city,
          hangedman_lair_tendril_chambers, slime_entry_1
Swamp:1:  layout_basic_swamp, hangedman_swamp_ruin_wall, uniq_josephine,
          uniq_donald
Swamp:2:  layout_basic_swamp, hangedman_swamp_lotus
Swamp:3:  layout_basic_swamp, nicolae_swamp_stair_fork, roderic_carrion_pond
Swamp:4:  swamp_vile, layout_basic_swamp
Snake:1:  layout_basic
Snake:2:  layout_chambers, grunt_megastairs_3, uniq_aizul, uniq_vashnia,
          uniq_louise
Snake:3:  layout_basic
Snake:4:  johnstein_snake_rune_scales, layout_grid_shapes, serial_shops,
          nicolae_shop_statue_plus, gammafunk_ghost_split, basic_altar,
          serial_nicolae_subway, nicolae_sub_station_crystal,
          nicolae_sub_station_stone, nicolae_sub_station_metal,
          serial_bayou_shore_b, minmay_shop_star, uniq_mara
Orc:1:    layout_diamond_mine, kennysheep_orc_sif_temple
Orc:2:    st_orc_congregation, layout_diamond_mine, gauntlet_entry_generic,
          serial_shops, shop, uniq_maurice
Elf:1:    layout_geoelf_grid, minmay_elf_sorcery
Elf:2:    elven_hall_of_blades_hangedman_alternative
          [nicolae_vaults_blade_armed_guards], layout_gridlike, serial_shops,
          shop
Elf:3:    nooodl_elf_gasket, layout_onion_city, serial_shops,
          nicolae_shop_waterfront, nicolae_elf_stair_hall
Vaults:1: nicolae_vaults_ring_of_whatevers, v_misc_8, v_pattern_5,
          nicolae_vaults_display_case, nicolae_vaults_angled_halls,
          v_alt_pattern_3, vaults_dpeg_emergency_exit,
          nicolae_vaults_border_crossing, ontoclasm_vaults_decontamination,
          layout_vaults_quadrants
Vaults:2: nicolae_vaults_diagonal_hallway_6, minmay_crypt_entry_simple_box,
          v_rooms_1, v_misc_23, hangedman_vaults_restitches,
          hangedman_vaults_stretched_pinwheel, nicolae_vaults_little_squares_6,
          v_misc_9, grunt_vaults_trifunnel, layout_vaults_ring, serial_shops,
          nicolae_square_shop
Vaults:3: mu_enter_wizlab_4, v_alt_pattern_4, v_misc_25,
          nicolae_vaults_little_squares_6, vaults_mumra_hex,
          grunt_vaults_twisty, v_alt_pattern_3, nicolae_vaults_little_squares_2,
          v_misc_4, ontoclasm_vaults_ring_small,
          nicolae_vaults_network_periphery, vaults_standard_mumra_x, st_cells,
          vaults_room_door_hall, layout_vaults_big_room
Vaults:4: vaults_dpeg_spiral, nicolae_vaults_angled_halls, st_greater_box_1,
          nicolae_vaults_specimen_jars, nicolae_vaults_alarming,
          vaults_mumra_chevron, vaults_dpeg_ring, nicolae_vaults_rhombus_5,
          grunt_vaults_bifocal, v_misc_14, v_alt_pattern_3, v_alt_pattern_2,
          hangedman_vaults_river_flow, v_rooms_2, vaults_dpeg_diagonal,
          v_misc_23, hangedman_vaults_capsules, layout_vaults_omnibox,
          uniq_mennas
Vaults:5
Depths:1: layout_gridlike, hell_entry, elyvilon_altar_1, lemuel_nasty_fountain,
          serial_bayou_shore_b, serial_bayou_shore_b,
          roderic_lattice_octagonal_star
Depths:2: hangedman_cross_cluster, layout_basic, nrook_mini_backslash,
          hangedman_abyss_entry_splay, hell_entry, rand_demon_pan_entry_5,
          infiniplex_staircase_zigzag_1, uniq_vv
Depths:3: minmay_the_grid_triangle_9x9_recursive_2
          [minmay_the_grid_triangle_9x9_prize_center,
          minmay_the_grid_triangle_9x9_odd_lines,
          minmay_the_grid_triangle_9x9_dagger,
          minmay_the_grid_triangle_9x9_subtriangle], layout_cave_shapes,
          abyss_entry, grunt_pan_entry_sceptre, hell_entry,
          minmay_staircase_statues_hall_small, uniq_saint_roka
Depths:4: grunt_zot_entry_alcove, layout_honeycomb, enter_ziggurat_e,
          hell_entry, grunt_decor_cap, minmay_evil_grid, serial_bayou_shore_b,
          serial_bayou_shore_b, grunt_megastairs_1

Skill      XL: |  1  2  3  4  5  6  7  8  9 10 11 12 13 14 15 16 17 18 19 20 21 22 23 |
---------------+----------------------------------------------------------------------+-----
Stealth        | 2 3 4 5 6 7 12 14 15 | 15.0
Ranged Weapons | 5 6 7 8 9 11 12 14 15 16 17 18 | 18.3
Dodging        | 3 5 7 9 11 13 16 18 19 20 | 20.8
Translocations | 2 3 5 8 16 | 16.1
Fighting       | 2 3 4 6 7 9 10 11 13 | 13.8
Evocations     | 2 4 7 8 12 13 | 13.2
Invocations    | 4 6 7 8 9 10 | 10.9
Shields        | 2 4 5 8 |  8.3
Spellcasting   | 4 6 |  6.5
Summonings     | 3 7 11 13 15 17 19 20 | 20.6
Hexes          | 3 |  3.0
Air Magic      | 4 |  4.0

Action                   |  1- 3 |  4- 6 |  7- 9 | 10-12 | 13-15 | 16-18 | 19-21 | 22-24 || total
-------------------------+-------+-------+-------+-------+-------+-------+-------+-------++-------
 Fire: Shortbow          |   118 |   248 |   514 |   806 |       |       |       |       ||  1686
       Arbalest          |       |       |       |    86 |   935 |  1194 |  1104 |   814 ||  4133
       Hand crossbow     |       |       |       |       |       |       |       |   426 ||   426
 Cast: Blink             |       |       |     1 |     1 |       |       |     1 |     1 ||     4
       Summon Hydra      |       |       |       |       |       |       |     2 |    11 ||    13
       Summon Guardian G |       |       |       |       |       |       |     1 |       ||     1
       Monstrous Menager |       |       |       |       |       |       |       |     6 ||     6
Invok: Shadow Form       |       |       |       |       |     1 |     1 |     1 |     2 ||     5
Evoke: Wand              |       |       |       |       |       |       |     2 |     1 ||     3
       Phantom mirror    |       |       |       |       |       |       |       |     2 ||     2
       Box of beasts     |       |       |       |       |       |       |       |     1 ||     1
  Use: Scroll            |       |       |     7 |    12 |    13 |    13 |     2 |    13 ||    60
       Potion            |       |       |       |     1 |     3 |     1 |     1 |     2 ||     8
Armor: Robe              |     7 |     5 |    14 |     3 |       |       |       |       ||    29
       Acid dragon scale |       |       |       |    25 |    46 |     7 |       |       ||    78
       Swamp dragon scal |       |       |       |       |       |    59 |    52 |    62 ||   173
Dodge: Dodged            |    36 |    61 |   203 |   448 |   422 |   584 |   530 |   546 ||  2830
       Repelled          |       |       |       |       |       |    29 |    15 |    23 ||    67
Block: Other             |       |       |       |       |    14 |    95 |   122 |    85 ||   316
       Reflection        |       |       |       |       |     5 |    14 |    14 |    10 ||    43
